 Dungeon Crawl Stone Soup version 0.30-a0-924-g0ad0bf95bc (webtiles) character file.

Game seed: 7319143491213815153

24408 Esekla the Thaumaturge (level 13, -3/101 HPs)
             Began as a Formicid Cinder Acolyte on Mar 22, 2023.
             Was a Priest of Ignis.
             Slain by an elephant (14 damage)
             ... on level 4 of the Lair of Beasts.
             The game lasted 02:03:24 (24191 turns).

Esekla the Thaumaturge (Formicid Cinder Acolyte)   Turns: 24191, Time: 02:03:25

Health: -3/101     AC: 17    Str: 19    XL:     13   Next: 42%
Magic:  0/37       EV: 14    Int: 17    God:    Ignis [***...]
Gold:   254        SH:  0    Dex: 19    Spells: 17/34 levels left

rFire   + . .      SeeInvis +    a - +0 falchion (protect)
rCold   + . .      Faith    .    (no shield)
rNeg    . . .      Spirit   .    i - +2 steam dragon scales
rPois   .          Reflect  .    (helmet unavailable)
rElec   .          Rampage  +    (no cloak)
rCorr   .                        J - +1 pair of gloves of Weightlessness {Dex+6}
Will    +....                    H - +0 pair of boots of Elyvilon's Wrath {Rampage rC+}
Stlth   +++                      (no amulet)
HPRegen 0.36/turn                I - ring of magical power
MPRegen 0.25/turn                G - ring of wizardry

@: under a protective aura, studying Stealth
A: permanent stasis, dig shafts and tunnels, antennae 3, four strong arms, agile
1
a: Dig, Shaft Self, Renounce Religion, Fiery Armour, Foxfire Swarm, Rising Flame


You were on level 4 of the Lair of Beasts.
You worshipped Ignis.
Ignis was most pleased with you.
You visited 3 branches of the dungeon, and saw 15 of its levels.
You also visited: Sewer.

You collected 869 gold pieces.
You spent 615 gold pieces at shops.

Inventory:

Hand Weapons
 a - a +0 falchion of protection (weapon)
 f - a +1 falchion of flaming
 r - a +5 trident of chaos
 s - a +0 dagger of electrocution
Missiles
 m - 2 javelins
 p - 2 throwing nets
 x - a curare-tipped dart
 B - 4 poisoned darts (quivered)
 E - 3 boomerangs
Armour
 i - +2 steam dragon scales (worn)
 H - the +0 pair of boots of Elyvilon's Wrath (worn) {Rampage rC+}
   (You bought it in a shop on level 5 of the Dungeon)

   rC:        It protects you from cold.
   Rampage:   It bestows one free step when moving towards enemies.
 J - the +1 pair of gloves of Weightlessness (worn) {Dex+6}
   (You bought it in a shop on level 5 of the Dungeon)

   Dex:       It affects your dexterity (+6).
Jewellery
 A - a ring of willpower
 C - a ring of resist corrosion
 G - a ring of wizardry (right hand)
 I - a ring of magical power (left hand)
Wands
 e - a wand of flame (18)
 j - a wand of light (7)
 o - a wand of paralysis (6)
 u - a wand of mindburst (26)
 D - a wand of iceblast (5)
Scrolls
 h - 3 scrolls of poison
 l - a scroll of fog {unknown}
 t - 3 scrolls of fear
 w - a scroll of vulnerability
Potions
 b - a potion of magic {unknown}
 c - 2 potions of brilliance
 d - 4 potions of invisibility
 g - 4 potions of attraction
 k - a potion of cancellation {unknown}
 n - 2 potions of degeneration {unknown}
 q - 3 potions of flight
 v - 4 potions of curing
 y - 2 potions of mutation
 z - 3 potions of might {unknown}
 F - 3 potions of ambrosia


   Skills:
 * Level 9.3 Fighting
 + Level 0.3(3.8) Short Blades
 * Level 6.2(6.3) Long Blades
 + Level 0.4 Throwing
 + Level 4.7 Dodging
 + Level 3.0 Stealth
 + Level 11.4 Spellcasting
 * Level 2.5 Conjurations
 - Level 6.4 Necromancy
 * Level 6.7 Transmutations
 + Level 9.4 Fire Magic
 * Level 2.5 Ice Magic
 * Level 2.6 Air Magic
 * Level 7.1 Earth Magic


You had 17 spell levels left.
You knew the following spells:

 Your Spells              Type           Power      Damage    Failure   Level
a - Statue Form           Tmut/Erth      22%        N/A       26%         6
o - Scorch                Fire           82%        2d9       1%          2
u - Dispel Undead         Necr           31%        3d14      2%          4
z - Freezing Cloud        Conj/Ice/Air   9%         6-21      26%         5

Your spell library contained the following spells:

 Spells                   Type           Power      Damage    Failure   Level
 Kiss of Death            Conj/Necr      96%        2d12      1%          1
 Ignite Poison            Fire/Tmut/Pois 28%        N/A       1%          3
 Kindle Blastsparks       Fire/Tloc/Air  46%        2d13      1%          3
 Lee's Rapid Deconstruct  Erth           17%        3d10*     4%          5
 Leda's Liquefaction      Hex/Erth       10%        N/A       7%          4
 Fireball                 Conj/Fire      15%        3d8       7%          5
 Confusing Touch          Hex            9%         N/A       9%          3
 Fulminant Prism          Conj/Hex       7%         3d7       17%         4
 Iskenderun's Mystic Bla  Conj/Tloc      14%        2d5       17%         4
 Iskenderun's Battlesphe  Conj           18%        2d7       28%         5
 Conjure Ball Lightning   Conj/Air       9%         3x3d6     80%         6
 Orb of Destruction       Conj           9%         9d6       100%        7


Dungeon Overview and Level Annotations

Branches:
Dungeon (10/15)            Temple (1/1) D:6            Lair (4/5) D:8
  Swamp (0/4) Lair:2       Spider (0/4) Lair:2          Orc (0/2) D:10
  Sewer (visited)
  Slime: Lair:4-5

Altars:
Elyvilon
Kikubaaqudgha
Nemelex Xobeh
Okawaru
Trog
Uskayaw
Xom
The Shining One

Shops:
D:5 [   D:9 *

Annotations:
D:4 2 transporters, Palms's ghost, amateur KoEn
D:8 Joseph


Innate Abilities, Weirdness & Mutations

You cannot be hasted, slowed, berserked, paralysed or teleported.
You can dig through walls and to a lower floor.
You have a pair of large antennae on your head. (SInv)
Your four strong arms can wield two-handed weapons with a shield.
You are agile. (Dex +4, Str/Int -1)


Message History

Flames lash the elephant.
The elephant is burned terribly!
The elephant is severely wounded.
The elephant tramples you but does no damage.
The elephant completely misses you. The elephant closely misses you.
The elephant trunk-slaps you but does no damage.
You hit the elephant.
Your weapon exudes an aura of protection.
The elephant is severely wounded.
The elephant misses you. The elephant completely misses you.
You hit the elephant but do no damage.
The elephant is severely wounded.
The elephant barely misses you.
The elephant trunk-slaps you but does no damage.
The elephant tramples you!
* * * LOW HITPOINT WARNING * * *
You hold your ground!
The elephant misses you.
You feel better.
The elephant tramples you but does no damage.
The elephant barely misses you.
You hit the elephant but do no damage.
The elephant is severely wounded.
You revert to your normal fleshy form.
The +1 pair of gloves of Weightlessness {Dex+6} unmelds from your body.
The +0 pair of boots of Elyvilon's Wrath {Rampage rC+} unmelds from your body.
Your +2 steam dragon scales unmelds from your body.
The elephant tramples you.
* * * LOW HITPOINT WARNING * * *
You hold your ground!
The elephant barely misses you.
The elephant tramples you but does no damage.
The elephant closely misses you.
You hit the elephant but do no damage.
The elephant is severely wounded.
The elephant misses you.
The elephant trunk-slaps you but does no damage.
Casting: Scorch (safe; 1% risk of failure)
Confirm with . or Enter, or press ? or * to list all spells.
Flames lash the elephant.
The elephant is burned terribly!
The elephant is almost dead.
The elephant tramples you!
You die...

###...#...............#
#..####............##
#### #.............#
#............##
###...........##
##.#..........##
#.#.........†.#
#...P..#.##Y##
#P...P.###@## #....###
### ###....# #.#...##
##..Y## #.....# ##..Y##
.....# #...###


You could see an elephant (combustible).

Vanquished Creatures
  A skyshark (Lair:4)
  A lindwurm (Lair:4)
  9 elephants
  A black mamba (Lair:3)
  4 cane toads
  An unseen horror (D:10)
  5 komodo dragons
  3 rime drakes
  2 ice devils (Lair:1)
  5 polar bears
  8 blink frogs
  A hornet (D:8)
  A shadow (D:10)
  A wraith (D:10)
  2 wyverns
  35 yaks
  3 redbacks (Lair:2)
  4 steam dragons
  4 vampire mosquitoes (Lair:2)
  8 water moccasins
  7 ice beasts
  2 black bears
  3 orc warriors
  4 sky beasts
  9 wolves
  2 ogres
  2 centaurs
  A kobold brigand (D:8)
  A phantom (D:5)
  Blork the orc (D:5)
  A scorpion (D:6)
  15 bullfrogs
  3 wights (D:7)
  9 killer bees
  3 howler monkeys
  An electric eel (Lair:1)
  2 gnoll boudas
  A jelly (D:7)
  9 orc priests
  A hound (D:5)
  3 iguanas
  14 orc wizards
  3 sleepcaps
  Robin (D:4)
  3 adders
  13 gnolls
  2 shadow imps
  An ufetubus (D:6)
  2 worms (D:2)
  A dart slug (D:3)
  34 orcs
  9 ball pythons
  9 endoplasms
  9 giant cockroaches
  14 goblins
  9 hobgoblins
  4 jackals (D:1)
  13 quokkas
  5 bats
  9 frilled lizards
  9 kobolds
  9 rats
352 creatures vanquished.

Vanquished Creatures (others)
  25 fungi
  26 plants
51 creatures vanquished.

Grand Total: 403 creatures vanquished

Notes
Turn   | Place    | Note
-------+----------+-------------------------------------------
     0 | D:1      | Esekla the Formicid Cinder Acolyte began the quest for the
                  | Orb.
     0 | D:1      | Reached XP level 1. HP: 18/18 MP: 2/2
   181 | D:1      | Reached XP level 2. HP: 20/24 MP: 3/3
   192 | D:1      | Found a faded altar of an unknown god.
   283 | D:1      | Learned a level 2 spell: Scorch
   588 | D:1      | Reached XP level 3. HP: 18/30 MP: 3/5
  1348 | D:2      | You fall into a shaft and drop 2 floors!
  1842 | D:2      | Reached XP level 4. HP: 37/37 MP: 3/6
  1899 | D:2      | Reached skill level 2 in Spellcasting
  2151 | D:3      | Reached skill level 1 in Stealth
  2931 | D:2      | Reached XP level 5. HP: 40/42 MP: 3/8
  3369 | D:4      | Noticed an ice beast
  3375 | D:4      | Killed an ice beast
  3376 | D:4      | Reached skill level 3 in Spellcasting
  3376 | D:4      | Reached XP level 6. HP: 32/49 MP: 1/11
  3473 | D:4      | Noticed an ogre
  3606 | D:4      | Found a sparkling altar of Nemelex Xobeh.
  3607 | D:4      | Found a shimmering altar of Xom.
  3745 | D:5      | Entered Level 5 of the Dungeon
  3758 | D:5      | Reached skill level 4 in Spellcasting
  3827 | D:5      | Noticed an ice beast
  3833 | D:5      | Killed an ice beast
  3834 | D:5      | Reached XP level 7. HP: 53/55 MP: 6/13
  3841 | D:5      | Found a glowing drain.
  3977 | Sewer    | Entered a sewer
  4361 | Sewer    | Reached skill level 1 in Dodging
  4588 | Sewer    | Reached skill level 5 in Spellcasting
  5028 | D:4      | Found a transporter.
  5096 | D:4      | Found a transporter.
  5104 | D:4      | Noticed Palms's ghost (amateur KoEn)
  5106 | D:4      | Identified the +11 giant spiked club of Ximiass {pain, rF+
                  | rN+ Will- Str+5}
  5282 | D:4      | Noticed Robin
  5321 | D:4      | Killed Robin
  5545 | D:5      | Noticed Blork the orc
  5551 | D:5      | Killed Blork the orc
  5552 | D:5      | Reached skill level 5 in Fighting
  5598 | D:5      | Found an ancient bone altar of Kikubaaqudgha.
  5604 | D:5      | Found an iron altar of Okawaru.
  5611 | D:5      | Found a hide-covered altar of Uskayaw.
  5613 | D:5      | Found a glowing golden altar of the Shining One.
  5615 | D:5      | Found a white marble altar of Elyvilon.
  5619 | D:5      | Found a bloodstained altar of Trog.
  5689 | D:4      | Reached XP level 8. HP: 31/62 MP: 9/16
  6253 | D:5      | Found Huoqo's Armour Boutique.
  6265 | D:5      | Reached skill level 6 in Spellcasting
  6929 | D:6      | Reached skill level 5 in Fire Magic
  7195 | D:6      | You fall into a shaft and drop 3 floors!
  7226 | D:10     | Entered Level 10 of the Dungeon
  7421 | D:9      | Reached skill level 7 in Spellcasting
  7522 | D:8      | Noticed Joseph
  7715 | D:9      | Noticed a yak
  7759 | D:8      | Noticed a polar bear
  7769 | D:9      | Reached XP level 9. HP: 48/69 MP: 12/19
  7839 | D:9      | Learned a level 4 spell: Dispel Undead
  7877 | D:8      | Noticed a rime drake
  7887 | D:9      | Killed a polar bear
  7888 | D:9      | Reached skill level 1 in Earth Magic
  8038 | D:9      | Reached skill level 1 in Necromancy
  8038 | D:9      | Reached skill level 1 in Transmutations
  8352 | D:9      | Reached skill level 8 in Spellcasting
  8429 | D:9      | Killed a rime drake
  8541 | D:8      | Found a staircase to the Lair.
  8671 | D:8      | Reached XP level 10. HP: 74/77 MP: 14/22
  9319 | D:6      | Found a staircase to the Ecumenical Temple.
 10808 | D:7      | Reached skill level 9 in Spellcasting
 11233 | Temple   | Entered the Ecumenical Temple
 12082 | D:5      | Bought the +0 pair of boots of Elyvilon's Wrath {Rampage
                  | rC+} for 222 gold pieces
 13926 | D:9      | Reached XP level 11. HP: 79/84 MP: 17/24
 13974 | D:9      | Found Pesageps's Assorted Antiques.
 13982 | D:9      | Bought a scroll of identify for 44 gold pieces
 15705 | D:10     | Found a staircase to the Orcish Mines.
 15744 | D:10     | Reached skill level 10 in Spellcasting
 16004 | D:10     | Reached skill level 5 in Earth Magic
 16387 | D:10     | Noticed a four-headed hydra
 16392 | D:10     | Noticed an orc knight
 16438 | Lair:1   | Entered Level 1 of the Lair of Beasts
 16704 | Lair:1   | Noticed an elephant
 16727 | Lair:1   | Noticed an elephant
 16742 | Lair:1   | Killed an elephant
 16743 | Lair:1   | Reached skill level 5 in Transmutations
 16769 | Lair:1   | Killed an elephant
 16770 | Lair:1   | Reached skill level 5 in Necromancy
 16995 | Lair:1   | Found a frozen archway.
 17328 | Lair:1   | Noticed an elephant
 17347 | Lair:1   | Killed an elephant
 17348 | Lair:1   | Reached XP level 12. HP: 84/94 MP: 18/26
 17994 | Lair:2   | Reached skill level 5 in Long Blades
 19236 | Lair:2   | Learned a level 6 spell: Statue Form
 19439 | Lair:2   | Reached skill level 1 in Air Magic
 19628 | Lair:2   | Found a staircase to the Swamp.
 19841 | D:5      | Bought the +1 pair of gloves of Weightlessness {Dex+6} for
                  | 349 gold pieces
 20226 | Lair:2   | Found a hole to the Spider Nest.
 20420 | Lair:2   | Reached skill level 11 in Spellcasting
 20420 | Lair:2   | Reached skill level 1 in Ice Magic
 20702 | Lair:3   | Reached skill level 1 in Conjurations
 22313 | Lair:3   | Reached XP level 13. HP: 101/101 MP: 28/28
 22891 | Lair:4   | Gained mutation: You are agile. (Dex +4, Str/Int -1)
                  | [mutagenic glow]
 23538 | Lair:3   | Learned a level 5 spell: Freezing Cloud
 24191 | Lair:4   | Slain by an elephant

Illustrated notes

Levels and vault maps discovered:
D:1:      onia_arrival_pyramid, layout_loops_corners,
          shapermc_ecumenical_altar_pompeii, minmay_misc_feat_chi,
          minmay_misc_feat_room
D:2:      layout_loops_corners
D:3:      layout_basic, moated_statue, minmay_cut_off
D:4:      layout_cave_pools, nicolae_overflow_hidden_temple,
          gammafunk_ghost_smash, serial_rivers, chequers_serial_rivers_micro_e,
          chequers_serial_rivers_small_b, chequers_serial_rivers_micro_a,
          chequers_serial_rivers_micro_d, chequers_serial_rivers_small_3,
          chequers_serial_rivers_micro_e, uniq_robin
D:5:      layout_basic, nicolae_overflow_hallway_of_the_gods,
          portal_sewer_entry_f, serial_shops, nicolae_shop_waterfront,
          uniq_blork_the_orc
D:6:      layout_loops_ring, minmay_temple_entry_from_below_b
D:7:      layout_basic, nicolae_benzene_ring
D:8:      layout_basic, hellmonk_lair_entry_icy, serial_glass, glass_columns_b,
          glass_columns_a, serial_bayou_pond_b, uniq_joseph
D:9:      layout_stronghold, serial_shops, shop
D:10:     minmay_bloctagon_deflated, layout_basic, erik_orc_3
Temple:   eino_temple_water
Lair:1:   layout_hall_layers, portal_ice_cave_demonic_guard, grunt_megastairs_1,
          serial_bayou_shore_a
Lair:2:   layout_roguey, minmay_swamp_entry_swarm, spider_nest_entry_webs
Lair:3:   layout_small_grid, grunt_megastairs_3, serial_bayou_shore_b
Lair:4:   layout_cave_pods, beast_lair_carwin_5

Skill      XL: |  1  2  3  4  5  6  7  8  9 10 11 12 13 |
---------------+----------------------------------------+-----
Fighting       | 4 5 6 7 8 9 |  9.3
Spellcasting   | 2 3 4 5 7 8 9 10 11 | 11.4
Stealth        | 1 2 3 |  3.0
Fire Magic     | 4 5 6 7 8 9 |  9.4
Dodging        | 1 2 3 4 |  4.7
Earth Magic    | 2 4 5 6 7 |  7.1
Necromancy     | 2 3 5 6 |  6.4
Transmutations | 2 4 5 6 |  6.7
Long Blades    | 4 5 6 |  6.2
Air Magic      | 1 2 |  2.6
Ice Magic      | 1 2 |  2.5
Conjurations   | 1 2 |  2.5
Short Blades   | |  0.3
Throwing       | |  0.4

Action                     |  1- 3 |  4- 6 |  7- 9 | 10-12 | 13-15 || total
---------------------------+-------+-------+-------+-------+-------++-------
  Melee: Falchion          |   117 |    59 |    62 |   315 |   124 ||   677
         Dagger            |       |     2 |    42 |   143 |     2 ||   189
         Punch             |       |     1 |     1 |     5 |     1 ||     8
         Trident           |       |       |       |     9 |       ||     9
  Throw: Boomerang         |       |       |     3 |    13 |     2 ||    18
         Dart              |       |       |       |    15 |     3 ||    18
   Cast: Scorch            |    11 |    33 |   141 |   432 |    89 ||   706
         Dispel Undead     |       |       |       |     1 |       ||     1
         Statue Form       |       |       |       |     9 |     8 ||    17
         Freezing Cloud    |       |       |       |       |     3 ||     3
 Invoke: Fiery Armour      |       |       |     1 |     7 |       ||     8
Ability: Shaft Self        |       |       |     1 |       |       ||     1
         Dig               |       |       |       |       |     1 ||     1
  Evoke: Wand              |       |       |     1 |       |       ||     1
    Use: Scroll            |       |       |       |    21 |     2 ||    23
         Potion            |       |       |       |     8 |     1 ||     9
   Stab: Sleeping          |     4 |     2 |     1 |     7 |     2 ||    16
 Armour: Robe              |    19 |     7 |    60 |    65 |       ||   151
         Steam dragon scal |       |       |       |   242 |    76 ||   318
         Skin              |       |       |       |   151 |   167 ||   318
  Dodge: Dodged            |    70 |    39 |   131 |   646 |   246 ||  1132

Table legend: (Time is in decaauts)
 A = Elapsed time spent in this place.
 B = Non-inter-level travel time spent in this place.
 C = Inter-level travel time spent in this place.
 D = Time resting spent in this place.
 E = Time spent auto-exploring this place.
 F = Levels seen in this place.
 G = Mean time per level.
                   A        B        C        D        E       F      G
               +--------+--------+--------+--------+--------+-----+--------+
         Total |  24695 |  23711 |    984 |   8769 |   5162 |  16 | 1543.4 |
       Dungeon |  15809 |  14974 |    835 |   5221 |   3596 |  10 | 1580.9 |
        Temple |     11 |     11 |      0 |      0 |      0 |   1 |   11.0 |
          Lair |   7784 |   7636 |    148 |   3187 |   1372 |   4 | 1946.0 |
         Sewer |   1089 |   1089 |      0 |    361 |    193 |   1 | 1089.0 |
               +--------+--------+--------+--------+--------+-----+--------+

Top non-repeatable levels by time:
     D:9: 3111 daAuts
  Lair:2: 2339 daAuts
  Lair:3: 2271 daAuts
     D:5: 1959 daAuts
     D:7: 1899 daAuts
  Lair:1: 1834 daAuts
     D:6: 1594 daAuts
    D:10: 1517 daAuts
     D:2: 1434 daAuts
     D:8: 1347 daAuts
  Lair:4: 1340 daAuts
   Sewer: 1089 daAuts
     D:1: 1025 daAuts
     D:3: 1000 daAuts
     D:4: 920 daAuts
